 Dungeon Crawl Stone Soup version 0.31.0-9-g3a7656b989 (webtiles) character file.

Game seed: 16589920794114378853

1031 qw the Nimble (level 8, -3/39 HPs)
             Began as a Spriggan Hunter on Feb 2, 2024.
             Killed from afar by an orc wizard (8 damage)
             ... with a magic dart
             ... on level 5 of the Dungeon.
             The game lasted 00:00:15 (4476 turns).

qw the Nimble (Spriggan Hunter)                     Turns: 4476, Time: 00:00:15

Health: -3/39      AC:  4    Str:  7    XL:     8   Next: 3%
Magic:  9/9        EV: 25    Int: 10    God:
Gold:   106        SH:  0    Dex: 21    Spells: 7/7 levels left

rFire   . . .        a - +0 shortbow
rCold   . . .        (shield currently unavailable)
rNeg    + . .        n - +2 robe {rN+}
rPois   .            (helmet restricted)
rElec   .            (no cloak)
rCorr   .            (gloves unavailable)
SInv    +            (boots unavailable)
Will    +....        (no amulet)
Stlth   ++           (no ring)
HPRegen 0.26/turn    (no ring)
MPRegen 0.11/turn

%: no passive effects
@: about to teleport, very quick
A: very small, no large weapons, unfitting armour, see invisible, speed 3
a: no special abilities


You were on level 5 of the Dungeon.
You visited 1 branch of the dungeon, and saw 5 of its levels.

You collected 183 gold pieces.
You spent 77 gold pieces at shops.


Innate Abilities, Weirdness & Mutations

You are very small and have problems with some larger weapons.
You are too small for most types of armour.
You have supernaturally acute eyesight. (SInv)
You cover ground extremely quickly. (Speed+++)


   Skills:
 - Level 2.0 Fighting
 + Level 7.0 Ranged Weapons
 - Level 9.7 Dodging
 - Level 1.5 Stealth


You had 7 spell levels left.
You didn't know any spells.
Your spell library was empty.

Inventory:

Hand Weapons
 a - a +0 shortbow (weapon)
Armour
 n - a +2 robe of positive energy (worn)
Jewellery
 b - a ring of ice
 m - a ring of ice
Wands
 l - a wand of flame (5)
Scrolls
 g - 3 scrolls of identify
 i - a scroll of vulnerability {unknown}
Potions
 c - a potion of enlightenment {unknown}
 d - a potion of cancellation
 e - a potion of curing
 f - a potion of haste
 j - a potion of mutation {unknown}
 k - a potion of attraction {unknown}

Dungeon Overview and Level Annotations

Branches:
Dungeon (5/15)
 Temple: D:4-7

Altars:
Gozag

Shops:
D:4 [   D:5 [


Message History

The orc wizard closely misses you.
You shoot an arrow.
The arrow hits the orc wizard but does no damage.
The orc wizard is moderately wounded.
The orc wizard completely misses you.
You shoot an arrow.
The arrow closely misses the orc wizard.
The orc wizard misses you.
You shoot an arrow. The arrow hits the orc wizard.
The orc wizard is heavily wounded.
The orc wizard misses you. x2
You shoot an arrow.
The arrow hits the orc wizard but does no damage.
The orc wizard is heavily wounded.
The orc wizard misses you.
You shoot an arrow.
The arrow hits the orc wizard but does no damage.
The orc wizard is heavily wounded.
The orc wizard hits you with a +0 dagger.
You shoot an arrow. The arrow barely misses the orc wizard.
You shoot an arrow.
The arrow closely misses the orc wizard.
The orc wizard barely misses you. The orc priest misses you.
You shoot an arrow.
The arrow hits the orc wizard but does no damage.
The orc wizard is heavily wounded.
The orc wizard gestures at you while chanting.
The puff of flame hits you!
The orc priest miscasts a cantrip.
You shoot an arrow. The arrow hits the orc wizard.
The orc wizard is almost dead.
The orc wizard hits you with a +0 dagger.
The orc priest invokes the aid of Beogh against you.
Beogh smites you!
4476 ||| READING scroll of teleportation.
As you read the scroll of teleportation, it crumbles to dust.
You feel strangely unstable.
The orc wizard gestures at you while chanting.
The magic dart hits you!
You die...

##.####.... #.......###
#.........< #..########
##.......... #.....#.....
######.....#.####
##########..........#.#
#....)...@o.........#.#
#.########o####...#.#.####
#.# #o# #..##.#..... #.#
.# #....).##### #.# .#
##.##..# # #.# .# #.##..#
# #.# .# #.##..##### #.#
.# ##.##....... #.#
#...........


You could see an orc priest, an orc wizard and an orc.

Vanquished Creatures
  Pikel (D:5)
  Sigmund (D:2)
  2 lemures (D:5)
  2 scorpions (D:4)
  A jelly (D:5)
  An orc priest (D:4)
  2 sleepcaps (D:5)
  An orc wizard (D:3)
  4 gnolls (D:5)
  5 adders
  A dart slug (D:4)
  A ribbon worm (D:4)
  7 orcs
  6 ball pythons
  6 endoplasms
  2 giant cockroaches
  7 goblins
  10 hobgoblins
  8 jackals
  7 kobolds
  5 quokkas
  9 bats
  6 frilled lizards
  2 rats
97 creatures vanquished.

Notes
Turn   | Place    | Note
-------+----------+-------------------------------------------
     0 | D:1      | qw the Spriggan Hunter began the quest for the Orb.
     0 | D:1      | Reached XP level 1. HP: 10/10 MP: 2/2
     0 | D:1      | 0 ||| qw: Version: 0.3-a-155-g5e7d8dd
     0 | D:1      | 0 ||| qw: Game counter: 2658
     0 | D:1      | 0 ||| qw: Melee chars always use a shield: true
     0 | D:1      | 0 ||| qw: God list: Okawaru
     0 | D:1      | 0 ||| qw: Allow faded altars: false
     0 | D:1      | 0 ||| qw: Do Orc after clearing Dungeon:15 true
     0 | D:1      | 0 ||| qw: Do second Lair branch before Depths: true
     0 | D:1      | 0 ||| qw: Lair rune preference: random
     0 | D:1      | 0 ||| qw: Goals: Normal
     0 | D:1      | 0 ||| PLANNING D:1-11
    38 | D:1      | Reached skill level 3 in Dodging
   105 | D:1      | Reached XP level 2. HP: 14/14 MP: 3/3
   195 | D:1      | Reached skill level 4 in Dodging
   366 | D:1      | Reached XP level 3. HP: 18/18 MP: 4/4
   707 | D:1      | 707 ||| READING scroll labelled TUJ QIUCUCAB.
   708 | D:1      | 708 ||| DROPPING scroll of butterflies.
   763 | D:2      | Noticed Sigmund
   767 | D:2      | 767 ||| STAIRDANCE
   772 | D:2      | 772 ||| STAIRDANCE
   784 | D:2      | Killed Sigmund
   785 | D:2      | Reached skill level 6 in Ranged Weapons
   785 | D:2      | Reached XP level 4. HP: 22/22 MP: 5/5
   785 | D:2      | Reached XP level 5. HP: 25/25 MP: 6/6
  1390 | D:2      | 1390 ||| READING 2 scrolls labelled PAWNYS LEDDUNKUO.
  1390 | D:2      | 1390 ||| IDENTIFYING pink potion
  1391 | D:2      | 1391 ||| READING scroll of identify.
  1391 | D:2      | 1391 ||| IDENTIFYING lumpy brown potion
  1392 | D:2      | 1392 ||| READING 3 scrolls labelled YWOAR POAPUV.
  1395 | D:2      | 1395 ||| DRINKING 3 fizzy black potions.
  1591 | D:3      | Reached skill level 5 in Dodging
  1594 | D:3      | Reached XP level 6. HP: 30/30 MP: 7/7
  2158 | D:3      | 2158 ||| DROPPING ring of wizardry.
  2159 | D:3      | 2159 ||| READING scroll labelled WAHUEKL QOAF.
  2160 | D:3      | 2160 ||| READING scroll labelled ROWIRY VIMAI.
  2161 | D:3      | 2161 ||| READING scroll labelled ZUXTUUSUPP.
  2162 | D:3      | 2162 ||| READING scroll labelled KIRRALOBIU.
  2163 | D:3      | 2163 ||| READING scroll labelled JAD XOHUTUNAJO.
  2165 | D:3      | 2165 ||| Stepping ~*~*~tactically~*~*~ (cloud).
  2319 | D:4      | 2319 ||| FLEEEEING.
  2320 | D:4      | 2320 ||| FLEEEEING.
  2321 | D:4      | 2321 ||| FLEEEEING.
  2727 | D:4      | Found Hafireoh's Antique Armour Shop.
  2734 | D:4      | 2734 ||| BUYING embroidered robe (77 gold).
  2734 | D:4      | Bought an embroidered robe for 77 gold pieces
  2734 | D:4      | 2734 ||| SHOPLISTING runed robe (77 gold, have 71).
  2817 | D:4      | Reached skill level 6 in Dodging
  3052 | D:4      | 3052 ||| DRINKING 2 potions of curing.
  3052 | D:4      | 3052 ||| (to cure poison)
  3190 | D:4      | Identified the +1 leather armour "Xokuuthytt" {^Contam MP+9
                  | Int+6}
  3318 | D:4      | 3318 ||| UPGRADING to +2 robe of positive energy.
  3328 | D:4      | 3328 ||| DROPPING +0 robe.
  3329 | D:4      | 3329 ||| READING scroll of identify.
  3329 | D:4      | 3329 ||| IDENTIFYING orange potion
  3330 | D:4      | 3330 ||| READING scroll labelled ESUCZEX UMM.
  3331 | D:4      | 3331 ||| READING scroll labelled QITEODU DIEKKIL.
  3432 | D:4      | 3432 ||| READING scroll labelled VANOXTO SEANU.
  3480 | D:4      | 3480 ||| DROPPING potion of berserk rage.
  3497 | D:5      | Entered Level 5 of the Dungeon
  3536 | D:5      | Found an opulent altar of Gozag.
  3579 | D:5      | Reached XP level 7. HP: 31/35 MP: 8/8
  3792 | D:5      | 3792 ||| FLEEEEING.
  3794 | D:5      | 3794 ||| FLEEEEING.
  3795 | D:5      | 3795 ||| FLEEEEING.
  3796 | D:5      | 3796 ||| FLEEEEING.
  3797 | D:5      | 3797 ||| FLEEEEING.
  3798 | D:5      | 3798 ||| FLEEEEING.
  3799 | D:5      | 3799 ||| FLEEEEING.
  3800 | D:5      | 3800 ||| FLEEEEING.
  3803 | D:5      | 3803 ||| FLEEEEING.
  3804 | D:5      | 3804 ||| FLEEEEING.
  3805 | D:5      | 3805 ||| FLEEEEING.
  3806 | D:5      | 3806 ||| FLEEEEING.
  3807 | D:5      | 3807 ||| FLEEEEING.
  3808 | D:5      | 3808 ||| FLEEEEING.
  3809 | D:5      | 3809 ||| FLEEEEING.
  3810 | D:5      | 3810 ||| FLEEEEING.
  3811 | D:5      | 3811 ||| FLEEEEING.
  3812 | D:5      | 3812 ||| FLEEEEING.
  3813 | D:5      | 3813 ||| FLEEEEING.
  3824 | D:5      | 3824 ||| FLEEEEING.
  3927 | D:5      | Found Eteh's Armour Shop.
  3933 | D:5      | 3933 ||| SHOPLISTING +2 hat (208 gold, have 89).
  4218 | D:5      | Noticed Pikel
  4222 | D:5      | 4222 ||| DRINKING 2 potions of haste.
  4241 | D:5      | HP: 7/35 [Pikel/+1 whip of freezing (2)]
  4242 | D:5      | 4242 ||| READING 2 scrolls of teleportation.
  4243 | D:5      | Killed Pikel
  4244 | D:5      | Reached skill level 9 in Dodging
  4244 | D:5      | Reached XP level 8. HP: 8/39 MP: 9/9
  4475 | D:5      | HP: 5/39 [orc priest/divine providence (10)]
  4476 | D:5      | 4476 ||| READING scroll of teleportation.
  4476 | D:5      | Killed from afar by an orc wizard

Levels and vault maps discovered:
D:1:      nzn_arrival_settlement, layout_loops_ring, moated_statue
D:2:      layout_loops_cross, uniq_sigmund
D:3:      layout_loops_corners
D:4:      layout_loops_corners, serial_shops, shop, minmay_gold_behind_fungi,
          st_stairs_14, minmay_door_square, dk_noncrumbling_4,
          chequers_serial_rivers_small_a
D:5:      layout_loops_ring, serial_shops, nicolae_shop_gibbet_a_chance,
          kennysheep_small_circle, uniq_pikel

Skill      XL: |  1  2  3  4  5  6  7 |
---------------+----------------------+-----
Dodging        | 3 4 5 6 9 |  9.7
Ranged Weapons | 6 7 |  7.0
Fighting       | 2 |  2.0
Stealth        | |  1.5

Action                     |  1- 3 |  4- 6 |  7- 9 || total
---------------------------+-------+-------+-------++-------
   Fire: Shortbow          |    95 |   151 |    96 ||   342
    Use: Scroll            |     1 |    12 |     2 ||    15
         Potion            |       |     2 |     1 ||     3
 Armour: Robe              |    17 |    13 |    18 ||    48
  Dodge: Dodged            |    53 |    43 |    37 ||   133

Table legend:
 A = Non-vault XP
 B = Vault XP
 C = Vault XP percentage of total XP
 D = Non-vault monster count
 E = Vault monster count
 F = Vault count percentage of total count
                 A         B        C        D         E       F
            +---------+---------+-------+---------+---------+-------
      Total |     614 |     859 |  58.3 |      91 |       4 |   4.2
            +---------+---------+-------+---------+---------+-------
        D:1 |      56 |       0 |   0.0 |      33 |       0 |   0.0
        D:2 |      48 |     223 |  82.3 |      16 |       1 |   5.9
        D:3 |      67 |       0 |   0.0 |      13 |       0 |   0.0
        D:4 |     242 |       4 |   1.6 |      15 |       1 |   6.2
        D:5 |     201 |     632 |  75.9 |      14 |       2 |  12.5
            +---------+---------+-------+---------+---------+-------
